Map: Inside and Out

Players

Xana

  • Race: Zerg Zerg
  • League: Bronze
  • Spawn Location: 1:00

LoveMe - Winner!

  • Race: Protoss Protoss
  • League: Silver
  • Spawn Location: 7:00

VOD

Have the link to the VOD?

Description

Time

  • Played on: Aug. 18, 2022, 1:44 p.m.
  • Length: 2:50
Show
View Real Time Build Order
Export as new Build Order

Xana Zerg 

Build Orders: Hatch First 

Get SALT Encoding   

  12  0:00  Drone  
  13  0:13  Overlord  
  13  0:19  Drone  
  14  0:31  Drone x2  
  16  0:50  Hatchery  
  15  0:59  Drone x2  
  17  1:25  Overlord  
  16  1:46  Extractor  
  15  1:49  Spawning Pool  
  14  1:57  Drone  
  14  1:58  Drone x2  
Show
View Real Time Build Order
Export as new Build Order

LoveMe Protoss - Winner!

Build Orders: Cannon Rush 

Get SALT Encoding   

  12  0:01  Probe  
  13  0:14  Pylon  
  13  0:18  Probe  
  14  0:32  Forge  
  15  0:35  Probe  
  15  0:49  Pylon  
  15  0:52  Probe  
  16  1:04  Probe  
  17  1:09  Photon Cannon  
  17  1:14  Photon Cannon  
  17  1:21  Pylon  
  17  1:28  Probe  
  18  1:42  Photon Cannon  
  18  1:45  Gateway  
  18  1:49  Probe  
  19  2:01  Pylon  
  19  2:05  Pylon  
  19  2:09  Probe  
  20  2:20  Photon Cannon  
  20  2:21  Pylon  
  20  2:25  Photon Cannon  
  20  2:28  Probe  
  24  2:46  Photon Cannon  
Tags
 
Add a new tag
Caveats
  • Supply blocks, unpowered buildings, or Contaminate may cause inaccurate times.
  • Supply counts are checked every 10 seconds.